 Dungeon Crawl Stone Soup version 0.32-a0-640-gc5db3fc80f (webtiles) character file.

Game seed: 4389007509499030812

4825 mopl the Basher (level 10, -2/64 HPs)
             Began as a Gargoyle Fighter on Mar 7, 2024.
             Was a Believer of Okawaru.
             Slain by an orc
             ... wielding a +0 halberd
              (4 damage)
             ... in a bailey.
             The game lasted 00:12:48 (7287 turns).

mopl the Basher (Gargoyle Fighter)                  Turns: 7287, Time: 00:12:49

Health: -2/64      AC: 23    Str: 19    XL:     10   Next: 49%
Magic:  11/12      EV: 13    Int: 10    God:    Okawaru [**....]
Gold:   342        SH:  6    Dex: 13    Spells: 9/9 levels left

rFire   . . .        a - +0 morningstar
rCold   . . .        c - +0 buckler
rNeg    + . .        I - +0 scale mail
rPois   ∞            m - +2 hat
rElec   +            y - +2 cloak {rCorr}
rCorr   +            (no gloves)
SInv    .            r - +0 pair of boots
Will    .....        (no amulet)
Stlth   +            (no ring)
HPRegen 0.30/turn    (no ring)
MPRegen 0.13/turn

%: no passive effects
@: mighty, heroic
A: sickness immunity, AC +7, negative energy resistance 1, electricity
resistance, torment resistance 1, petrification resistance
a: Renounce Religion, Heroism


You were in a bailey.
You worshipped Okawaru.
Okawaru was pleased with you.
You visited 2 branches of the dungeon, and saw 9 of its levels.
You also visited: Sewer and Bailey.

You collected 514 gold pieces.
You spent 172 gold pieces at shops.

Inventory:

Hand Weapons
 a - a +0 morningstar (weapon)
 e - a +2 quarterstaff of chaos
 v - a +2 trident of draining
 M - a +4 flail of holy wrath
 N - the +2 spear "Qitof" {holy, Fly SInv}
   (You found it on level 8 of the Dungeon)

   SInv:      It lets you see invisible.
   Fly:       It grants you flight.
Missiles
 k - a poisoned dart (quivered)
 q - 6 boomerangs
Armour
 c - a +0 buckler (worn)
 m - a +2 hat (worn)
 r - a +0 pair of boots (worn)
 y - a +2 cloak of preservation (worn)
 I - a +0 scale mail (worn)
 J - an orb of mayhem
Jewellery
 K - a ring of fire
Wands
 b - a wand of roots (4)
 u - a wand of flame (42)
 x - a wand of mindburst (10)
Scrolls
 j - 7 scrolls of teleportation {unknown}
 n - 3 scrolls of fear {unknown}
 o - 3 scrolls of blinking {unknown}
 p - 2 scrolls of enchant weapon {unknown}
 t - 3 scrolls of vulnerability {unknown}
 w - 4 scrolls of revelation {unknown}
 C - a scroll of brand weapon {unknown}
 E - 2 scrolls of identify
 F - 2 scrolls of enchant armour {unknown}
 H - a scroll of silence {unknown}
 L - a scroll of noise {unknown}
Potions
 d - 2 potions of might
 f - a potion of enlightenment
 g - 2 potions of cancellation
 h - 3 potions of heal wounds
 i - 3 potions of brilliance
 l - 2 potions of resistance {unknown}
 s - a potion of ambrosia
 z - 2 potions of curing
 A - 2 potions of haste
 B - a potion of lignification {unknown}
 D - a potion of berserk rage {unknown}
Miscellaneous
 G - a sack of spiders


   Skills:
 + Level 8.0(13.0) Fighting
 * Level 9.6(14.6) Maces & Flails
 + Level 3.5(8.5) Throwing
 + Level 6.6(11.6) Armour
 + Level 4.0(9.0) Dodging
 - Level 3.2(8.2) Shields
 + Level 3.1 Invocations
 + Level 3.3 Evocations


You had 9 spell levels left.
You didn't know any spells.
Your spell library contained the following spells:

 Spells                   Type           Power      Damage    Failure   Level
 Inner Flame              Hex/Fire       0%         N/A       97%         3
 Dispel Undead            Necr           0%         3d6       100%        4
 Flame Wave               Conj/Fire      0%         2d4       100%        4
 Sticky Flame             Fire/Alch      0%         2d4       100%        4
 Cigotuvi's Dreadful Rot  Necr/Alch/Air  Unusable   N/A       N/A         2
 Martyr's Knell           Necr/Summ      Unusable   N/A       N/A         4
 Death Channel            Necr           Unusable   N/A       N/A         6

Dungeon Overview and Level Annotations

Branches:
Dungeon (8/15)             Temple (1/1) D:7           Sewer (visited)
 Bailey (1/1)
   Lair: D:8-11

Altars:
Ashenzari
Cheibriados
Elyvilon
Fedhas
Gozag
Hepliaklqana
Kikubaaqudgha
Nemelex Xobeh
Okawaru
Qazlal
Ru
Sif Muna
Trog
Uskayaw
Vehumet
Xom
Yredelemnul
Zin
The Shining One

Shops:
D:4 :[(*   D:6 **   D:8 *

Annotations:
Bailey 2 runed translucent doors


Innate Abilities, Weirdness & Mutations

You are immune to sickness and miasma.
Your stone body is resilient. (AC +7)
You are immune to poison.
You resist negative energy. (rN+)
You are resistant to electric shocks. (rElec)
You are resistant to unholy torment.
You are immune to petrification.


Message History

Unknown command.
You completely miss the orc knight.
The orc knight is moderately wounded.
The orc warrior barely misses you.
The orc knight hits you with a +0 glaive.
You block the orc warrior's attack. The orc misses you.
Unknown command.
You puncture the orc knight!
The orc knight is severely wounded.
The orc warrior closely misses you. The orc knight barely misses you.
The orc warrior hits you from afar with a +0 glaive!!
You block the orc's attack. The orc misses you.
Unknown command.
You hit the orc knight but do no damage.
The orc knight is severely wounded.
You block the orc warrior's attack.
The orc knight hits you with a +0 glaive.
Unknown command.
You barely miss the orc knight.
The orc knight is severely wounded.
The orc misses you. You block the orc warrior's attack.
The orc barely misses you.
Unknown command.
You hit the orc knight but do no damage.
The orc knight is severely wounded.
The orc warrior misses you. The orc knight closely misses you.
The orc warrior hits you but does no damage.
The orc hits you but does no damage. The orc closely misses you.
Unknown command.
You sock the orc knight!
The orc knight is almost dead.
The orc warrior hits you from afar with a +0 halberd!
* * * LOW HITPOINT WARNING * * *
The orc knight hits you with a +0 glaive.
* * * LOW HITPOINT WARNING * * *
The orc warrior grunts repeatedly.
The orc warrior hits you from afar with a +0 glaive!
* * * LOW HITPOINT WARNING * * *
The orc hits you from afar with a +0 halberd.
You die...

♣♣♣...#....#...≈≈≈≈≈≈#
..♣............≈≈≈≈#
................≈≈≈#
###........####..≈≈#
.####''####..#♣♣♣♣#
..............#
#...ßo...ßoo.##
#..########..# #. !?$
#@o# # )[?$!#(.#
#..#oo# #..#..#
.....#..# #....##..#
##++# #(.# ß.oo ...#
..oo ....


You could see an orc knight (very poisoned), 3 orc warriors and 3 orcs.

Vanquished Creatures
  A two-headed ogre (D:8)
  Jeremiah (D:7)
  A troll (D:7)
  Sigmund (D:2)
  A vampire (D:7)
  3 yaks (D:8)
  Menkaure (D:5)
  An acid dragon (D:8)
  2 water moccasins
  Pargi (Sewer)
  An orc warrior (Bailey)
  2 black bears
  An ice beast (D:6)
  2 ogres
  A centaur (D:5)
  A brain worm (Sewer)
  4 bullfrogs
  3 scorpions
  8 wights (D:7)
  4 hounds
  2 jellies
  5 orc priests
  Crazy Yiuf (D:3)
  2 sleepcaps
  Jessica (D:2)
  Ijyb (D:5)
  Natasha (thrice) (D:2)
  2 iguanas
  5 orc wizards
  7 adders
  2 shadow imps
  2 white imps
  2 dart slugs (D:3)
  3 ribbon worms
  34 orcs
  11 bats
  6 endoplasms
  9 giant cockroaches
  13 goblins
  11 hobgoblins
  6 kobolds
  2 quokkas
  5 ball pythons
  5 frilled lizards
  9 rats
189 creatures vanquished.

Notes
Turn   | Place    | Note
-------+----------+-------------------------------------------
     0 | D:1      | mopl the Gargoyle Fighter began the quest for the Orb.
     0 | D:1      | Reached XP level 1. HP: 14/14 MP: 1/1
   175 | D:1      | Reached XP level 2. HP: 16/19 MP: 2/2
   230 | D:1      | Found a faded altar of an unknown god.
   650 | D:2      | Noticed Natasha
   659 | D:2      | Reached skill level 3 in Maces & Flails
   659 | D:2      | Reached XP level 3. HP: 19/24 MP: 3/3
   666 | D:2      | Killed Natasha
   667 | D:2      | Reached skill level 4 in Fighting
   670 | D:2      | Noticed Natasha
   733 | D:2      | Killed Natasha
   734 | D:2      | Reached XP level 4. HP: 29/29 MP: 4/4
   960 | D:2      | Noticed Sigmund
   993 | D:2      | Reached skill level 4 in Maces & Flails
  1177 | D:2      | Killed Sigmund
  1178 | D:2      | Reached skill level 5 in Fighting
  1178 | D:2      | Reached skill level 5 in Maces & Flails
  1178 | D:2      | Reached XP level 5. HP: 17/35 MP: 5/5
  1178 | D:2      | Reached XP level 6. HP: 19/40 MP: 6/6
  1306 | D:2      | Noticed Jessica
  1318 | D:2      | Killed Jessica
  1576 | D:2      | Noticed Natasha
  1584 | D:2      | Killed Natasha
  2137 | D:3      | Found a sacrificial altar of Ru.
  2530 | D:3      | Found a runed translucent door.
  2531 | D:3      | Noticed Crazy Yiuf
  2537 | D:3      | Killed Crazy Yiuf
  2599 | D:4      | Noticed a water moccasin
  2616 | D:4      | Killed a water moccasin
  2617 | D:4      | Reached skill level 6 in Maces & Flails
  2617 | D:4      | Reached XP level 7. HP: 15/44 MP: 7/7
  2908 | D:4      | Found Cemoeme's Weapon Shoppe.
  3075 | D:4      | Found Nuetzapi's Antique Armour Shoppe.
  3105 | D:4      | Reached skill level 1 in Dodging
  3125 | D:4      | Found Disucwobba's Book Emporium.
  3313 | D:4      | Reached skill level 6 in Fighting
  3329 | D:4      | Reached skill level 4 in Armour
  3389 | D:4      | Found Ufoiledd's Assorted Antiques.
  3399 | D:4      | Bought a scroll labelled VINOALOL YSKEG for 25 gold pieces
  3399 | D:4      | Bought a scroll labelled YGELUPL KITOS for 25 gold pieces
  3399 | D:4      | Bought a white potion for 22 gold pieces
  3399 | D:4      | Bought a scroll labelled UTHROA JID PAE for 25 gold pieces
  3399 | D:4      | Bought a scroll labelled VINOALOL YSKEG for 25 gold pieces
  3399 | D:4      | Bought a scroll labelled UTHROA JID PAE for 25 gold pieces
  3399 | D:4      | Bought a scroll labelled CIUPAJULULL for 25 gold pieces
  3522 | D:5      | Entered Level 5 of the Dungeon
  3539 | D:5      | Noticed Ijyb
  3549 | D:5      | Reached skill level 7 in Maces & Flails
  3549 | D:5      | Reached XP level 8. HP: 10/51 MP: 8/8
  3550 | D:5      | Killed Ijyb
  3832 | D:5      | Noticed Menkaure
  3866 | D:5      | Killed Menkaure
  3867 | D:5      | Reached skill level 2 in Dodging
  4465 | D:6      | Found Duemicem's Elemental Accessories.
  4501 | D:6      | Found Taiddon's Mayhem Merchandise.
  4596 | D:6      | Reached skill level 1 in Throwing
  4596 | D:6      | Reached skill level 5 in Armour
  4597 | D:6      | Reached skill level 1 in Evocations
  4633 | D:6      | Reached skill level 8 in Maces & Flails
  4642 | D:6      | Reached XP level 9. HP: 56/56 MP: 9/9
  4655 | D:6      | Reached skill level 7 in Fighting
  4790 | D:6      | Found a glowing drain.
  4794 | Sewer    | Entered a sewer
  4898 | Sewer    | Noticed Pargi
  4911 | Sewer    | Killed Pargi
  4995 | D:6      | Reached skill level 3 in Dodging
  5123 | D:6      | Reached skill level 2 in Throwing
  5263 | D:7      | Found a staircase to the Ecumenical Temple.
  5273 | Temple   | Entered the Ecumenical Temple
  5281 | Temple   | Became a worshipper of Warmaster Okawaru
  5325 | D:7      | Noticed a troll
  5341 | D:7      | Killed a troll
  5342 | D:7      | Reached skill level 2 in Evocations
  5498 | D:7      | Reached skill level 1 in Invocations
  5657 | D:7      | Noticed Jeremiah
  5670 | D:7      | Killed Jeremiah
  5670 | D:7      | Reached * piety under Okawaru
  5860 | D:7      | Reached skill level 9 in Maces & Flails
  5860 | D:7      | Reached skill level 6 in Armour
  6072 | D:7      | Reached skill level 2 in Invocations
  6193 | D:7      | Reached XP level 10. HP: 46/63 MP: 11/11
  6643 | D:8      | Reached skill level 3 in Throwing
  6721 | D:8      | Reached skill level 3 in Evocations
  6777 | D:8      | Reached ** piety under Okawaru
  6832 | D:8      | Identified the +2 spear "Qitof" {holy, Fly SInv}
  6893 | D:8      | Found Viuvop's Neck Hole.
  6922 | D:8      | Noticed a two-headed ogre
  6931 | D:8      | Killed a two-headed ogre
  6932 | D:8      | Reached skill level 8 in Fighting
  6932 | D:8      | Reached skill level 4 in Dodging
  6932 | D:8      | Reached skill level 3 in Invocations
  7014 | D:8      | Found a flagged portal.
  7087 | Bailey   | Entered a bailey
  7250 | Bailey   | Found a large runed translucent door.
  7250 | Bailey   | Found a large runed translucent door.
  7251 | Bailey   | Noticed a deep elf zephyrmancer
  7251 | Bailey   | Noticed an orc knight
  7265 | Bailey   | Found the +9 sword of Power {lifebolt}
  7287 | Bailey   | HP: 2/64 [orc warrior/+0 glaive (7)]
  7287 | Bailey   | Slain by an orc

Illustrated notes

Levels and vault maps discovered:
D:1:      scummos_arrival_simple_crosswalls, layout_loops_ring,
          shapermc_ecumenical_altar_notcrosses
D:2:      layout_loops_cross, uniq_sigmund, uniq_jessica, uniq_natasha
D:3:      layout_loops_ring, mainiacjoe_overflow_24_doors,
          minmay_misc_feat_four_crosses, st_stairs_1, hangedman_decor_growths,
          hex_tiny, uniq_crazy_yiuf_cottage
D:4:      layout_basic, serial_shops, nicolae_shop_real_fake_doors, shop_statue,
          nicolae_shop_stone, nicolae_shop_tiny_glass, minmay_small_thing
D:5:      layout_cave_pools, uniq_menkaure, uniq_ijyb
D:6:      layout_basic, gup_sewer_entry_bowl, serial_bayou_pond_e,
          minmay_shop_mayhem, nicolae_elemental_shop, nicolae_fountain_basement
D:7:      layout_basic, minmay_temple_entry_glass, uniq_jeremiah
D:8:      layout_basic, enter_bailey_5, nicolae_shop_sticking_my_neck_out
Temple:   nicolae_temple_two_arcs
Bailey:   bailey_polearm_elven_captive_hellmonk, bailey

Skill      XL: |  1  2  3  4  5  6  7  8  9 10 |
---------------+-------------------------------+-----
Maces & Flails | 3 5 6 7 8 9 |  9.6
Fighting       | 4 5 6 7 8 |  8.0
Dodging        | 1 2 3 4 |  4.0
Armour         | 4 5 6 |  6.6
Throwing       | 1 2 3 |  3.5
Evocations     | 1 2 3 |  3.3
Invocations    | 2 3 |  3.1
Shields        | |  3.2

Action                     |  1- 3 |  4- 6 |  7- 9 | 10-12 || total
---------------------------+-------+-------+-------+-------++-------
  Melee: Flail             |    78 |   171 |   135 |       ||   384
         Morningstar       |       |       |   250 |   155 ||   405
  Throw: Dart              |       |       |    11 |     9 ||    20
 Invoke: Heroism           |       |       |       |     3 ||     3
  Evoke: Wand              |       |       |     9 |       ||     9
    Use: Scroll            |     3 |     1 |     3 |       ||     7
         Potion            |       |       |       |     1 ||     1
 Armour: Scale mail        |    54 |   113 |   342 |   150 ||   659
  Dodge: Dodged            |    31 |    78 |   226 |   111 ||   446
  Block: Buckler           |    14 |    34 |    89 |    43 ||   180

Table legend: (Time is in decaauts)
 A = Elapsed time spent in this place.
 B = Non-inter-level travel time spent in this place.
 C = Inter-level travel time spent in this place.
 D = Time resting spent in this place.
 E = Time spent auto-exploring this place.
 F = Levels seen in this place.
 G = Mean time per level.
                   A        B        C        D        E       F      G
               +--------+--------+--------+--------+--------+-----+--------+
         Total |   7425 |   7203 |    222 |   1438 |   3330 |  11 |  675.0 |
       Dungeon |   7044 |   6830 |    214 |   1332 |   3271 |   8 |  880.5 |
        Temple |     16 |      8 |      8 |      0 |      0 |   1 |   16.0 |
         Sewer |    166 |    166 |      0 |     53 |      8 |   1 |  166.0 |
        Bailey |    197 |    197 |      0 |     53 |     51 |   1 |  197.0 |
               +--------+--------+--------+--------+--------+-----+--------+

Top non-repeatable levels by time:
     D:7: 1411 daAuts
     D:4: 1106 daAuts
     D:2: 1063 daAuts
     D:1: 840 daAuts
     D:3: 769 daAuts
     D:5: 745 daAuts
     D:6: 663 daAuts
     D:8: 444 daAuts
  Bailey: 197 daAuts
   Sewer: 166 daAuts
  Temple: 16 daAuts
